 Dungeon Crawl Stone Soup version 0.22.0-35-ge4bf2f5f59 (webtiles) character file.

19596 dengdeng the Severer (level 12, 0/159 HPs)
             Began as a Minotaur Berserker on Aug 24, 2018.
             Was a High Priest of Trog.
             Slain by a 12-headed hydra (4 damage)
             ... on level 12 of the Dungeon.
             The game lasted 00:46:51 (10398 turns).

dengdeng the Severer (Minotaur Berserker)          Turns: 10398, Time: 00:46:53

Health: 0/159      AC: 18    Str: 30    XL:     12   Next: 37%
Magic:  11/11      EV: 13    Int:  7    God:    Trog [*****.]
Gold:   734        SH: 13    Dex: 14    Spells: 11/11 levels left

rFire    . . .     SeeInvis +   P - +3 broad axe (chop)
rCold    . . .     Gourm    .   w - +0 shield
rNeg     . . .     Faith    .   B - +0 plate armour of Kecif {rPois Regen+ Int+3 SInv} (curse)
rPois    +         Spirit   .   E - +1 hat
rElec    .         Reflect  .   (no cloak)
rCorr    .         Harm     .   u - +0 pair of gloves
MR       .....                  s - +0 pair of boots "Jael" {rPois Dex+2}
Stlth    ..........             (no amulet)
HPRegen  0.76/turn              g - +1 ring of protection
MPRegen  0.12/turn              b - +4 ring of evasion

@: berserking, very quick
A: retaliatory headbutt, horns 2
a: Berserk, Trog's Hand, Brothers in Arms, Renounce Religion


You were on level 12 of the Dungeon.
You worshipped Trog.
Trog was extremely pleased with you.
You were hungry.

You visited 1 branch of the dungeon, and saw 12 of its levels.

You collected 734 gold pieces.

Inventory:

Hand Weapons
 N - a +0 battleaxe
 P - a +3 broad axe of chopping (weapon)
Missiles
 I - 5 silver javelins
 Q - 4 javelins (quivered)
 X - 6 tomahawks
 Y - 4 tomahawks of returning
 Z - 394 stones
Armour
 s - the +0 pair of boots "Jael" (worn) {rPois Dex+2}
   (You found it on level 4 of the Dungeon)

   It affects your dexterity (+2).
   It protects you from poison.
 u - a +0 pair of gloves (worn)
 v - a +0 chain mail
 w - a +0 shield (worn)
 B - the cursed +0 plate armour of Kecif (worn) {rPois Regen+ Int+3 SInv}
   (You found it on level 6 of the Dungeon)

   It affects your intelligence (+3).
   It protects you from poison.
   It lets you see invisible.
   It increases your rate of regeneration.
   It has a curse placed upon it.
 E - a +1 hat (worn)
 K - a +0 plate armour
Magical Staves
 e - an uncursed staff of death {unknown}
Jewellery
 b - a +4 ring of evasion (right hand)
 d - an uncursed ring of poison resistance
 g - a +1 ring of protection (left hand)
 y - a cursed ring of teleportation {unknown}
 O - an uncursed ring of magical power
Wands
 D - a wand of flame (58)
 J - a wand of clouds (3)
 M - a wand of polymorph (18)
Scrolls
 a - 2 scrolls of magic mapping {unknown}
 f - 3 scrolls of enchant armour {unknown}
 i - 3 scrolls of teleportation {unknown}
 j - 8 scrolls of identify {unknown}
 k - 5 scrolls of fear {unknown}
 l - 5 scrolls of remove curse {unknown}
 m - a scroll of noise {unknown}
 n - 3 scrolls of immolation {unknown}
 x - 4 scrolls of enchant weapon {unknown}
 C - a scroll of fog {unknown}
 H - 3 scrolls of amnesia {unknown}
Potions
 h - 5 potions of haste {unknown}
 o - 2 potions of agility {unknown}
 p - a potion of mutation {unknown}
 q - 4 potions of curing {unknown}
 r - 2 potions of invisibility {unknown}
 t - 3 potions of lignification {unknown}
 z - 2 potions of heal wounds {unknown}
 A - 4 potions of brilliance {unknown}
 L - a potion of might {unknown}
Comestibles
 c - 24 rations
 F - 29 chunks of flesh


   Skills:
 + Level 9.7 Fighting
 * Level 17.0 Axes
 + Level 4.1 Throwing
 + Level 8.7 Armour
 + Level 3.6 Dodging
 + Level 0.4 Stealth
 + Level 10.1 Shields


You had 11 spell levels left.
You didn't know any spells.
Your spell library was empty.

Dungeon Overview and Level Annotations

Branches:
Dungeon (12/15)            Temple (0/1) D:7            Lair (0/6) D:9
    Orc (0/2) D:9

Altars:
Cheibriados
Dithmenos
Fedhas
Nemelex Xobeh
Trog
Uskayaw
Xom
Zin
The Shining One

Shops:
D:12 *


Innate Abilities, Weirdness & Mutations

You reflexively headbutt those who attack you in melee.
You have a pair of horns on your head.


Message History

You feel yourself moving faster!
You feel mighty!
You are feeling hungry.
The 11-headed hydra barely misses you. You furiously retaliate!
You headbutt the 11-headed hydra! You block the 11-headed hydra's attack.
The 11-headed hydra bites you but does no damage.
You block the 11-headed hydra's attack. x2; The 11-headed hydra bites you.
* * * LOW HITPOINT WARNING * * *
The 11-headed hydra bites you but does no damage.
The 11-headed hydra closely misses you.
The 11-headed hydra bites you but does no damage. x2
The 11-headed hydra bites you.
* * * LOW HITPOINT WARNING * * *
The white ugly thing trunk-slaps you but does no damage.
You slice one of the 11-headed hydra's heads off!
The ten-headed hydra grows two more!
You slash the 12-headed hydra!
The 12-headed hydra is heavily wounded.
You barely miss the white ugly thing. You block the 12-headed hydra's attack.
The 12-headed hydra bites you but does no damage.
The 12-headed hydra barely misses you. The 12-headed hydra bites you.
You die...

..##♣∩♣#
#.#
......#
#.#
.....♣#
#.# ....##
#.# ....#
#.########
....##
#.#.......
.....#
#.#.......
.....#
#.#D......
..####
#.@u......
.##
#.........
.#
#........#
######
#.......#.
#....#
#......#..
.....#
#.......#.
.....#
#........#
.....##
#.........
......#


You could see a 12-headed hydra and a white ugly thing.

Vanquished Creatures
  Snorg (D:11)
  A two-headed ogre (D:11)
  6 death yaks (D:9)
  An unseen horror (D:11)
  2 ugly things
  A cyclops (D:12)
  Psyche (D:9)
  A gargoyle (D:12)
  3 kobold demonologists (D:11)
  3 trolls
  4 hippogriffs
  Sigmund (D:2)
  A shadow (D:12)
  3 water elementals (D:12)
  A wraith (D:12)
  4 yaks (D:10)
  A spriggan (D:7)
  Eustachio (D:5)
  A steam dragon (D:9)
  A basilisk (D:11)
  3 vampire mosquitoes (D:12)
  2 insubstantial wisps (D:9)
  3 ice beasts
  A hornet zombie (D:10)
  6 orc warriors
  7 sky beasts
  3 phantoms
  6 necrophages (D:10)
  6 ogres
  6 centaurs
  A big kobold (D:11)
  11 bullfrogs
  A wyvern zombie (D:12)
  2 scorpions
  19 killer bees
  3 wights (D:6)
  2 electric eels (D:12)
  7 howler monkeys
  2 centaur zombies
  6 crimson imps
  2 quasits
  2 jellies
  7 orc priests
  A bullfrog skeleton (D:7)
  3 hounds
  A centaur skeleton (D:10)
  Natasha (thrice) (D:4)
  5 iguanas
  6 orc wizards
  5 worker ants
  A hound zombie (D:9)
  2 worker ant zombies
  14 adders
  3 shadow imps
  An ooze (D:7)
  An adder zombie (D:5)
  2 adder skeletons
  4 worms
  7 dart slugs
  6 leopard geckos
  56 orcs
  5 bats
  10 giant cockroaches
  8 goblins
  9 hobgoblins
  15 jackals
  21 kobolds
  5 quokkas
  3 ball pythons (D:2)
  7 frilled lizards
  A leopard gecko zombie (D:7)
  9 rats
  A bush (D:10)
  3 plants
364 creatures vanquished.

Vanquished Creatures (others)
  A bush (D:10)
  10 plants
11 creatures vanquished.

Grand Total: 375 creatures vanquished

Notes
Turn   | Place    | Note
-------+----------+-------------------------------------------
     0 | D:1      | dengdeng the Minotaur Berserker began the quest for the Orb.
     0 | D:1      | Reached XP level 1. HP: 19/19 MP: 0/0
    76 | D:1      | Reached skill level 4 in Axes
    76 | D:1      | Reached XP level 2. HP: 27/27 MP: 1/1
   401 | D:1      | Reached ** piety under Trog
   526 | D:1      | Reached XP level 3. HP: 33/33 MP: 2/2
  1078 | D:2      | Reached XP level 4. HP: 41/41 MP: 3/3
  1091 | D:2      | Noticed Sigmund
  1099 | D:2      | Killed Sigmund
  1099 | D:2      | Reached skill level 6 in Axes
  1099 | D:2      | Reached skill level 1 in Throwing
  1099 | D:2      | Reached XP level 5. HP: 47/47 MP: 4/4
  1651 | D:3      | Reached XP level 6. HP: 55/55 MP: 5/5
  2083 | D:3      | Reached *** piety under Trog
  2322 | D:4      | Noticed Natasha
  2324 | D:4      | Found a shimmering altar of Xom.
  2324 | D:4      | Noticed an angel
  2331 | D:4      | Killed Natasha
  2331 | D:4      | Reached skill level 7 in Axes
  2343 | D:4      | Found a glowing silver altar of Zin.
  2345 | D:4      | Got a pair of faintly humming boots
  2351 | D:4      | Identified the +0 pair of boots "Jael" {rPois Dex+2} (You found it on level 4 of the Dungeon)
  2358 | D:4      | Reached skill level 5 in Fighting
  2422 | D:4      | Noticed Natasha
  2427 | D:4      | Killed Natasha
  2528 | D:4      | Noticed Natasha
  2533 | D:4      | Killed Natasha
  2536 | D:4      | Reached XP level 7. HP: 55/61 MP: 6/6
  2708 | D:4      | Found a glowing golden altar of the Shining One.
  2708 | D:4      | Found a hide-covered altar of Uskayaw.
  2752 | D:5      | Entered Level 5 of the Dungeon
  2821 | D:5      | Reached skill level 8 in Axes
  3094 | D:5      | Noticed Eustachio
  3144 | D:5      | Killed Eustachio
  3144 | D:5      | Reached skill level 9 in Axes
  3283 | D:5      | Reached XP level 8. HP: 69/69 MP: 7/7
  3648 | D:5      | Reached skill level 10 in Axes
  3648 | D:5      | Reached skill level 1 in Shields
  4134 | D:6      | Reached **** piety under Trog
  4309 | D:6      | Reached skill level 5 in Armour
  4504 | D:6      | Received a gift from Trog
  4858 | D:6      | Got a brightly glowing plate armour
  4869 | D:6      | Identified the cursed +0 plate armour of Kecif {rPois Regen+ Int+3 SInv} (You found it on level 6 of the Dungeon)
  5205 | D:7      | Found a staircase to the Ecumenical Temple.
  5209 | D:7      | Reached skill level 11 in Axes
  5209 | D:7      | Reached XP level 9. HP: 66/75 MP: 8/8
  6196 | D:8      | Reached skill level 5 in Shields
  6294 | D:8      | Found a sparkling altar of Nemelex Xobeh.
  6324 | D:8      | Reached skill level 12 in Axes
  6633 | D:9      | Found a staircase to the Orcish Mines.
  6667 | D:9      | Found a shadowy altar of Dithmenos.
  6681 | D:9      | Found a bloodstained altar of Trog.
  6693 | D:9      | Found a blossoming altar of Fedhas.
  6696 | D:9      | Found a snail-covered altar of Cheibriados.
  6752 | D:9      | Noticed Psyche
  6777 | D:9      | Killed Psyche
  6808 | D:9      | Found a glowing silver altar of Zin.
  6882 | D:9      | Noticed a death yak
  6887 | D:9      | Noticed a death yak
  6891 | D:9      | Noticed a death yak
  6894 | D:9      | Noticed a death yak
  6894 | D:9      | Noticed a death yak
  6896 | D:9      | Killed a death yak
  6896 | D:9      | Reached skill level 13 in Axes
  6896 | D:9      | Reached XP level 10. HP: 84/84 MP: 9/9
  6896 | D:9      | Noticed a death yak
  6902 | D:9      | Killed a death yak
  6902 | D:9      | Reached ***** piety under Trog
  6906 | D:9      | Killed a death yak
  6913 | D:9      | Killed a death yak
  6919 | D:9      | Killed a death yak
  6919 | D:9      | Reached skill level 14 in Axes
  6921 | D:9      | Killed a death yak
  6983 | D:9      | Reached XP level 11. HP: 92/94 MP: 10/10
  7090 | D:9      | Found a staircase to the Lair.
  7855 | D:10     | Entered Level 10 of the Dungeon
  7889 | D:10     | Found a blossoming altar of Fedhas.
  7957 | D:10     | Received a gift from Trog
  8795 | D:11     | Noticed an unseen horror
  8801 | D:11     | Killed an unseen horror
  8801 | D:11     | Reached skill level 15 in Axes
  9042 | D:11     | Noticed a purple ugly thing
  9051 | D:11     | Killed a purple ugly thing
  9244 | D:11     | Noticed a two-headed ogre
  9253 | D:11     | Killed a two-headed ogre
  9253 | D:11     | Reached skill level 16 in Axes
  9348 | D:11     | Noticed Snorg
  9363 | D:11     | Received a gift from Trog
  9369 | D:11     | Killed Snorg
  9369 | D:11     | Reached XP level 12. HP: 74/103 MP: 11/11
  9592 | D:11     | Found the +9 staff of Wucad Mu {channel}
  9873 | D:12     | Reached skill level 10 in Shields
 10287 | D:12     | Reached skill level 17 in Axes
 10351 | D:12     | Found Tairil's Assorted Antiques.
 10387 | D:12     | Found a frozen archway.
 10387 | D:12     | Noticed a six-headed hydra
 10396 | D:12     | HP: 5/106 [white ugly thing (23)]
 10398 | D:12     | Slain by a 12-headed hydra

Skill      XL: |  1  2  3  4  5  6  7  8  9 10 11 12 |
---------------+-------------------------------------+-----
Axes           | 4 6 7 9 11 13 14 16 17 | 17.0
Fighting       | 4 5 6 7 8 9 |  9.7
Throwing       | 1 2 3 4 |  4.1
Armour         | 3 4 5 6 7 8 |  8.7
Dodging        | 3 |  3.6
Shields        | 3 6 8 9 10 | 10.1
Stealth        | |  0.4

Action                   |  1- 3 |  4- 6 |  7- 9 | 10-12 || total
-------------------------+-------+-------+-------+-------++-------
Melee: Hand axe          |    76 |   126 |   328 |   101 ||   631
       Headbutt          |    14 |    23 |    80 |    93 ||   210
       Broad axe         |       |       |       |   308 ||   308
       Battleaxe         |       |       |       |    36 ||    36
Throw: Stone             |    27 |    38 |    48 |    51 ||   164
       Javelin           |       |       |       |    16 ||    16
Invok: Trog's Hand       |       |     4 |     5 |     5 ||    14
       Berserk           |       |     1 |     2 |     4 ||     7
  Eat: Chunk             |     1 |     6 |    10 |    14 ||    31
       Ration            |       |       |     2 |     1 ||     3
Armor: Ring mail         |    12 |       |       |       ||    12
       Scale mail        |    11 |    50 |    13 |       ||    74
       Chain mail        |       |       |    88 |       ||    88
       Plate armour      |       |       |    74 |   181 ||   255
Dodge: Dodged            |    39 |    59 |   102 |   121 ||   321
Block: Shield            |       |       |   117 |   200 ||   317
